 Dungeon Crawl Stone Soup version 0.15-a0-110-gb05c47c (webtiles) character file.

523 KaKa the Cutter (level 6, -4/40 HPs)
             Began as a Kobold Berserker on Apr 10, 2014.
             Was a Priest of Trog.
             Slain by Duvessa
             ... wielding a +2,+0 short sword of speed
              (11 damage)
             ... on Level 4 of the Dungeon.
             The game lasted 00:14:14 (4220 turns).

KaKa the Cutter (Kobold Berserker)                  Turns: 4220, Time: 00:14:15

HP  -4/40        AC  3     Str 17      XL: 6   Next: 86%
MP   6/6         EV 21     Int  5      God: Trog [***...]
Gold 184         SH  0     Dex 21      Spells:  0 memorised,  5 levels left

rFire  . . .     SeeInvis .     a - +0 short sword
rCold  . . .     Clarity  .     g - +0 leather armour
rNeg   . . .     Conserve .     (no shield)
rPois  .         rCorr    .     (no helmet)
rElec  .         rRot     .     (no cloak)
SustAb . .       Spirit   .     (no gloves)
rMut   .         Warding  .     (no boots)
Saprov + + .     Stasis   .     (no amulet)
MR     ++...                    (no ring)
                                (no ring)

@: regenerating, exhausted, agile, slowed, very slow, very resistant to hostile
enchantments, stealthy
A: disease resistance, carnivore 3, saprovore 2
a: Burn Spellbooks, Berserk, Trog's Hand, Renounce Religion


You were on level 4 of the Dungeon.
You worshipped Trog.
Trog was most pleased with you.
You were full.

You visited 1 branch of the dungeon, and saw 4 of its levels.

You collected 184 gold pieces.

Inventory:

Hand weapons
 a - a +0,+0 short sword (weapon)
 b - a cursed +0,-3 dagger
Missiles
 j - 15 stones (quivered)
Armour
 g - a +0 leather armour (worn)
 p - a cursed +0 shield
Magical devices
 q - a wand of magic darts (9)
 r - a wand of disintegration (12)
 u - a wand of polymorph (0)
Comestibles
 c - 2 meat rations
Scrolls
 d - 3 scrolls of remove curse {unknown}
 f - 5 scrolls of identify {unknown}
 h - a scroll of enchant armour {unknown}
 k - a scroll of fog {unknown}
 l - a scroll of random uselessness {unknown}
 m - a scroll of teleportation {unknown}
 o - a scroll of noise {unknown}
Potions
 e - 2 potions of agility
 i - a potion of magic {unknown}
 n - a potion of confusion {unknown}
 s - a potion of paralysis {unknown}


   Skills:
 + Level 5.5 Fighting
 * Level 6.6 Short Blades
 - Level 1.5 Armour
 + Level 4.2 Dodging


You had 5 spell levels left.
You didn't know any spells.

Dungeon Overview and Level Annotations

Branches:
Dungeon (4/15)
 Temple: D:4-7

Altars:
Kikubaaqudgha
Vehumet

Annotations:
D:4 Duvessa


Innate Abilities, Weirdness & Mutations

You recuperate from illness quickly.
You are small and have problems with some larger weapons.
You are carnivorous and can eat meat at any time.
You can eat rotten meat.


Message History

You closely miss Duvessa.
Duvessa is severely wounded.
Duvessa hits you with a runed short sword!
* * * LOW HITPOINT WARNING * * *
You hit Duvessa.
Duvessa is severely wounded.
Duvessa barely misses you.
You completely miss Duvessa.
Duvessa is severely wounded.
Duvessa completely misses you.
You puncture Duvessa!
Duvessa is almost dead.
You are no longer berserk.
You are exhausted.
You feel yourself slow down. Duvessa hits you but does no damage.
Drink which item? (? for menu, Esc to quit)
You feel agile all of a sudden.
It was a potion of agility.
Duvessa hits you with a runed short sword!
You die...

#########
.##########.......#
..............###.###
########.##.........#
...#........#.###.#.#
...#.#..).......#.#e#
.......#......#...#.####
.#.............e###....>#
.....#...####.#.@)......#
#.............#.....###.#
#........#....<.###.....
.......###......## ####.
#....#...#........
...#.#####........
)........'.........
#....#####.....##. #..###
#.....#


You could see Duvessa (berserk).

Vanquished Creatures
  The ghost of marcus the Ruinous, an average DECj (D:3)
  Dowan (D:4)
  An iguana (D:4)
  An orc priest (D:3)
  Jessica (D:3)
  2 adders
  3 worms
  A giant mite (D:4)
  A giant eyeball (D:3)
  5 giant geckos
  11 orcs
  A ball python (D:1)
  13 bats
  2 bat zombies (D:2)
  5 giant cockroaches
  9 goblins
  12 hobgoblins
  7 jackals
  9 kobolds
  2 giant newts
  4 quokkas (D:3)
  8 rats
  A rat zombie (D:2)
101 creatures vanquished.

Notes
Turn   | Place    | Note
--------------------------------------------------------------
     0 | D:1      | KaKa, the Kobold Berserker, began the quest for the Orb.
     0 | D:1      | Reached XP level 1. HP: 14/14 MP: 1/1
   142 | D:1      | Reached XP level 2. HP: 5/19 MP: 2/2
   847 | D:1      | Reached XP level 3. HP: 19/24 MP: 3/3
  1205 | D:1      | Acquired Trog's second power
  1579 | D:2      | Reached XP level 4. HP: 29/29 MP: 4/4
  1845 | D:2      | Found an ancient bone altar of Kikubaaqudgha.
  2533 | D:3      | Reached skill level 5 in Short Blades
  2587 | D:3      | Noticed marcus' ghost (average DECj)
  2863 | D:3      | Reached XP level 5. HP: 27/34 MP: 5/5
  2906 | D:3      | Found a radiant altar of Vehumet.
  3078 | D:3      | Noticed Jessica
  3093 | D:3      | Killed Jessica
  3093 | D:3      | Reached skill level 5 in Fighting
  3173 | D:3      | Killed marcus' ghost
  3173 | D:3      | Reached XP level 6. HP: 40/40 MP: 6/6
  3542 | D:3      | Reached skill level 6 in Short Blades
  3988 | D:3      | Paralysed by a giant eyeball for 4 turns
  4193 | D:4      | Noticed Duvessa
  4193 | D:4      | Noticed Dowan
  4206 | D:4      | Killed Dowan
  4220 | D:4      | Slain by Duvessa

Action                   |  1- 3 |  4- 6 || total
-------------------------+-------+-------++-------
Melee: Short sword       |   132 |   262 ||   394
       Unarmed           |       |    37 ||    37
Throw: Stone             |       |    17 ||    17
Invok: Berserk           |     2 |     8 ||    10
       Trog's Hand       |       |     2 ||     2
Evoke: Wand              |       |     2 ||     2
  Use: Potion            |       |     1 ||     1
